Yew, chaotic male elven Ranger ---------- ----- |........-- ----- |...| |.........| --....| ---...--- --.---....- |....-- --.......| --- --.<..---.....| --..--..^.-- --....|......--- |..........| |.--.|........---).....--.-- --- |.|-............%)|.....|-- --.--|.|.............----.--.--- |...||.........--....| --.-|...| |..-----.----..---.--- |...|--.--- --..--......||......| --..| |...-- -........--.----..--- ---- ---..---- |.........||........- |.....---- |..--.....|--..--....| --.--.@G.. ---|...--- ------...| --------- ---- ---- Yew the Lookout Experience level: 4 Strength: 16 Dexterity: 9 Constitution: 16 Intelligence: 13 Wisdom: 13 Charisma: 9 Health: 0(31) Energy: 26(26) Def: 3 Gold: 268 Moves: 1554 Dungeon seed: Wb1URuX5Em2-oAhq Game ID: Yew_1615981707 Your Inventory: Coins $ - 268 gold pieces Weapons a - a +1 elven dagger (weapon in hand) b - a +1 elven bow (alternate weapon; not wielded) c - 57 +2 elven arrows d - 23 +0 elven arrows (in quiver) l - a +0 elven bow p - 3 blessed +3 daggers r - 12 +0 crossbow bolts Armor e - an uncursed burnt +3 elven cloak (being worn) n - an uncursed +0 dwarvish cloak Comestibles f - 4 uncursed lembas wafers o - an uncursed food ration Wands k - a wand of cold (0:7) Tools g - an uncursed magic lamp (lit) h - an uncursed tin whistle q - an uncursed towel s - a cursed tallow candle (0:200) Gems y - an uncursed worthless piece of blue glass z - an uncursed worthless piece of yellow glass Spells and supernatural/magical abilities: Name Level Category Fail Memory W - pray for help -- divine ? -- Your skills at the end: Fighting Skills Weapon Skills dagger [Basic] bow [Basic] Spellcasting Skills Final Attributes: You were piously aligned. You were sleep resistant. You had automatic searching. You had infravision. You were stealthy. You are dead. Vanquished creatures: a gnome king a wererat a coyote 2 hobbits a yellow mold 5 gnomes a gecko 4 jackals 2 sewer rats 3 grid bugs 4 lichens 2 kobold zombies 3 newts 30 creatures vanquished. Voluntary challenges: You used a wielded weapon 20 times, starting on turn 82. You read items or engraved 2 times, starting on turn 669. You never genocided any monsters. You never polymorphed an object. You never changed form. You used no wishes. You never split a pudding. You never wrote Elbereth's name. You never violated your personal moral code. Dungeon overview: The Dungeons of Doom: levels 1 to 3 Level 1 an altar to Mercury, some fountains a long staircase Level 2 a fountain Level 3 stairs to The Gnomish Mines The Gnomish Mines: Level 4 <- You were here stairs to The Dungeons of Doom History has recorded: On T:1 you entered the Dungeons of Doom to retrieve the Amulet of Yendor! On T:366 you reached level 2 of The Dungeons of Doom. On T:758 you reached level 3 of The Dungeons of Doom. On T:815 you advanced to experience level 2. On T:1143 you advanced to experience level 3. On T:1345 you reached level 1 of The Gnomish Mines. On T:1443 you advanced to experience level 4. Score breakdown: Gold: 268 ( 8265 points) Experience: 4 levels ( 9649 points) Exploration: 4 levels ( 8.16%) ( 7500 points) Discoveries: 4 items ( 1.38%) ( 3523 points) Valuables value: (no points given unless you survive) Artifact value: 0 ( 0 points) Variety of kills: 13 monsters ( 3.41%) ( 5541 points) Turncount: 1554 turns ( 0 points) Survival: died (score multiplied by 80%) Total score: 27582 Latest messages: You hear some noises. The gnome wields a dagger! You see here a wererat corpse. You are now wielding your elven dagger. b - a +1 elven bow (alternate weapon; not wielded). You kill the gnome! There are a few objects here. s - a candle. You are beginning to feel hungry. This gnome corpse tastes terrible! You finish eating the gnome corpse. You displace Sirius. Sirius moves only reluctantly. Sirius suddenly falls asleep! You fall into a pit! You see here a gnome corpse. You miss the gnome. The gnome plays a fire horn! The bolt of fire hits you! Your cloak smoulders! You die... Final status: Goodbye Yew the Ranger, killed by a bolt of fire... You died in The Gnomish Mines on dungeon level 4 with 27582 points, and 268 pieces of gold, after 1554 moves. You were level 4 with a maximum of 31 hit points when you died.